| TOP OF THE 1ST |
|
Eugene Emeralds batting - Pitching for Rome Braves : RHP Gabe Fillmore
|
|
Pitching: RHP Gabe Fillmore
|
|
|
Batting: RHB Du Kim
|
0-0: Ball 1-0: Foul Ball, location: 2F 1-1: Called Strike 1-2: Foul Ball, location: 2F 1-2: Ground out 5-3 (Groundball, 5S, EV 76.2 MPH)
|
|
Batting: RHB Eric Wiss
|
0-0: Called Strike 0-1: Ball 1-1: Swinging Strike 1-2: Ball 2-2: Foul Ball, location: 2F 2-2: Ball 3-2: Foul Ball, location: 2F 3-2: SINGLE (Line Drive, 6MD, EV 101.2 MPH)
|
|
Batting: RHB Taylor Garofalo
|
0-0: Ball 1-0: Ball 2-0: Foul Ball, location: 2F 2-1: Called Strike 2-2: Fly out, F7 (Flyball, 78M, EV 96.9 MPH)
|
|
Batting: RHB Ryan Bush
|
0-0: Ball Eric Wiss steals 2nd base 1-0: Ball 2-0: Called Strike 2-1: Foul Ball, location: 2F 2-2: Foul Ball, location: 2F 2-2: Ball 3-2: Foul Ball, location: 2F 3-2: Foul Ball, location: 2F 3-2: Foul Ball, location: 2F 3-2: Reached on error, E4 (Groundball, 4, EV 82.5 MPH) Eric Wiss to third
|
|
Batting: RHB Bill Holmes
|
0-0: Ball 1-0: Ball 2-0: Foul Ball, location: 2F 2-1: Swinging Strike 2-2: Strikes out swinging
|
| Top of the 1st over - 0 runs, 1 hit, 1 error, 2 left on base; Eugene 0 - Rome 0 |
| BOTTOM OF THE 1ST |
|
Rome Braves batting - Pitching for Eugene Emeralds : RHP Carlos Zavala
|
|
Pitching: RHP Carlos Zavala
|
|
|
Batting: RHB George Provance
|
0-0: Foul Ball, location: 2F 0-1: Foul Ball, location: 2F 0-2: Foul Ball, location: 2F 0-2: Ball 1-2: Foul Ball, location: 2F 1-2: Foul Ball, location: 2F 1-2: Foul Ball, location: 2F 1-2: Ball 2-2: Ground out 4-3 (Groundball, 4, EV 86.9 MPH)
|
|
Batting: SHB Jose Melendez
|
0-0: Called Strike 0-1: SINGLE (Line Drive, 89M, EV 100.6 MPH)
|
|
Batting: RHB Yojiro Hayashi
|
0-0: Called Strike Jose Melendez steals 2nd base 0-1: Ball 1-1: Ball 2-1: Ball 3-1: Called Strike 3-2: Base on Balls
|
|
Batting: LHB Javier Rubio
|
0-0: Called Strike Jose Melendez steals 3rd base Yojiro Hayashi to second 0-1: Ball 1-1: Ball 2-1: Ball 3-1: Base on Balls
|
|
Batting: SHB Jordan Barragan
|
0-0: Called Strike 0-1: Ball 1-1: Ball 2-1: Foul Ball, location: 2F 2-2: Ball 3-2: Base on Balls Jose Melendez scores Yojiro Hayashi to third Javier Rubio to second
|
|
Batting: LHB Joe Phillips
|
0-0: Ground out 6-3 (Groundball, P, EV 85.6 MPH) Yojiro Hayashi scores Javier Rubio to third Jordan Barragan to second
|
|
Batting: RHB Tim Molchan
|
0-0: Foul Ball, location: 2F 0-1: Hit by Pitch
|
|
Batting: RHB Gerard Michel
|
0-0: Ball 1-0: Ball 2-0: Called Strike 2-1: Ball 3-1: Foul Ball, location: 2F 3-2: Base on Balls Javier Rubio scores Jordan Barragan to third Tim Molchan to second
|
|
Batting: RHB Adrian Billups
|
0-0: Called Strike 0-1: Ball 1-1: Ball 2-1: Foul Ball, location: 2F 2-2: Ball 3-2: Strikes out swinging
|
| Bottom of the 1st over - 3 runs, 1 hit, 0 errors, 3 left on base; Eugene 0 - Rome 3 |
| TOP OF THE 2ND |
|
Eugene Emeralds batting - Pitching for Rome Braves : RHP Gabe Fillmore
|
|
Batting: RHB Tim Long
|
0-0: Foul Ball, location: 2F 0-1: Ground out 5-3 (Groundball, 56S, EV 85.0 MPH)
|
|
Batting: RHB Jerry Blas
|
0-0: Ball 1-0: TRIPLE (Flyball, 89XD, EV 108.1 MPH)
|
|
Batting: RHB Josh Asch
|
0-0: Foul Ball, location: 2F 0-1: Foul Ball, location: 2F 0-2: Ball 1-2: Foul Ball, location: 2F 1-2: Strikes out looking
|
|
Batting: RHB Alvaro Romero
|
0-0: Ground out 4-3 (Groundball, 4M, EV 88.1 MPH)
|
| Top of the 2nd over - 0 runs, 1 hit, 0 errors, 1 left on base; Eugene 0 - Rome 3 |
| BOTTOM OF THE 2ND |
|
Rome Braves batting - Pitching for Eugene Emeralds : RHP Carlos Zavala
|
|
Batting: RHB George Provance
|
0-0: Called Strike 0-1: SINGLE (Groundball, 6MD, EV 103.1 MPH)
|
|
Batting: SHB Jose Melendez
|
0-0: Ball George Provance steals 2nd base 1-0: Ball 2-0: Ball 3-0: Called Strike 3-1: DOUBLE (Line Drive, 78D, EV 100.6 MPH) George Provance scores
|
|
Batting: RHB Yojiro Hayashi
|
0-0: Called Strike 0-1: Foul Ball, location: 2F 0-2: Strikes out swinging
|
|
Batting: LHB Javier Rubio
|
0-0: Ball 1-0: Ball 2-0: Ball 3-0: Called Strike 3-1: Called Strike 3-2: Base on Balls
|
|
Batting: SHB Jordan Barragan
|
0-0: Ball Passed Ball! Jose Melendez to third Javier Rubio to second 1-0: Called Strike 1-1: Called Strike 1-2: Strikes out looking
|
|
Pitching: RHP Jonathan Ridgely
|
|
|
Batting: LHB Joe Phillips
|
0-0: Called Strike 0-1: Foul Ball, location: 2F 0-2: Foul Ball, location: 2F 0-2: SINGLE (Line Drive, 9S, EV 101.2 MPH) Jose Melendez scores Javier Rubio to third
|
|
Batting: RHB Tim Molchan
|
0-0: SINGLE (Groundball, 13, EV 86.9 MPH) (infield hit) Javier Rubio scores Joe Phillips to second
|
|
Batting: RHB Gerard Michel
|
0-0: Called Strike 0-1: Foul Ball, location: 2F 0-2: Ground out 6-3 (Groundball, 6S, EV 81.2 MPH)
|
| Bottom of the 2nd over - 3 runs, 4 hits, 0 errors, 2 left on base; Eugene 0 - Rome 6 |
| TOP OF THE 3RD |
|
Eugene Emeralds batting - Pitching for Rome Braves : RHP Gabe Fillmore
|
|
Batting: RHB Du Kim
|
0-0: Ball 1-0: Fly out, F8 (Flyball, 89D, EV 106.2 MPH)
|
|
Batting: RHB Eric Wiss
|
0-0: Swinging Strike 0-1: Swinging Strike 0-2: Fly out, F4 (Popup, 3S, EV 73.8 MPH)
|
|
Batting: RHB Taylor Garofalo
|
0-0: Called Strike 0-1: Ball 1-1: Swinging Strike 1-2: Foul Ball, location: 2F 1-2: Foul Ball, location: 2F 1-2: Ball 2-2: Strikes out looking
|
| Top of the 3rd over - 0 runs, 0 hits, 0 errors, 0 left on base; Eugene 0 - Rome 6 |
| BOTTOM OF THE 3RD |
|
Rome Braves batting - Pitching for Eugene Emeralds : RHP Jonathan Ridgely
|
|
Batting: RHB Adrian Billups
|
0-0: Ball 1-0: Foul Ball, location: 2F 1-1: Ball 2-1: Ball 3-1: Base on Balls
|
|
Batting: RHB George Provance
|
0-0: Ball 1-0: Ball Adrian Billups steals 2nd base 2-0: Called Strike 2-1: Ball 3-1: Called Strike 3-2: Ground out 6-3 (Groundball, 6, EV 88.8 MPH)
|
|
Batting: SHB Jose Melendez
|
0-0: Ball 1-0: Swinging Strike 1-1: Ball 2-1: Ball 3-1: DOUBLE (Groundball, 5L, EV 98.8 MPH) Adrian Billups scores
|
|
Batting: RHB Yojiro Hayashi
|
0-0: Ball 1-0: Called Strike Jose Melendez steals 3rd base (no throw) 1-1: Ball 2-1: Ball 3-1: Base on Balls
|
|
Batting: LHB Javier Rubio
|
0-0: Hit by Pitch Yojiro Hayashi to second
|
|
Batting: SHB Jordan Barragan
|
0-0: Ball 1-0: Ball 2-0: Called Strike 2-1: Foul Ball, location: 2F 2-2: Foul Ball, location: 2F 2-2: Ball Wild Pitch! Jose Melendez scores Yojiro Hayashi to third Javier Rubio to second 3-2: 3-RUN HOME RUN (Line Drive, 9D, EV 99.4 MPH), Distance : 366 ft
|
|
Batting: LHB Joe Phillips
|
0-0: Foul Ball, location: 2F 0-1: Ground out 6-3 (Groundball, 6, EV 105.6 MPH)
|
|
Batting: RHB Tim Molchan
|
0-0: Ball 1-0: Called Strike 1-1: Called Strike 1-2: SINGLE (Groundball, 34D, EV 96.2 MPH)
|
|
Batting: RHB Gerard Michel
|
0-0: SINGLE (Flyball, 7LS, EV 94.4 MPH) Tim Molchan to second
|
|
Batting: RHB Adrian Billups
|
0-0: Ball Balk! Tim Molchan to third Gerard Michel to second 1-0: Ball 2-0: Foul Ball, location: 2F 2-1: Called Strike 2-2: Reached on error, E5 (Groundball, 56, EV 103.8 MPH) Tim Molchan scores Gerard Michel to third
|
|
Batting: RHB George Provance
|
0-0: Ball 1-0: Fielders Choice at 2nd, 5-4 (Groundball, 56, EV 110.6 MPH)
|
| Bottom of the 3rd over - 6 runs, 4 hits, 1 error, 2 left on base; Eugene 0 - Rome 12 |
| TOP OF THE 4TH |
|
Eugene Emeralds batting - Pitching for Rome Braves : RHP Gabe Fillmore
|
|
Batting: RHB Ryan Bush
|
0-0: Called Strike 0-1: Ball 1-1: Ball 2-1: Ball 3-1: Foul Ball, location: 2F 3-2: Fly out, F9 (Flyball, 9S, EV 86.9 MPH)
|
|
Batting: RHB Bill Holmes
|
0-0: Foul Ball, location: 2F 0-1: Ball 1-1: Ball 2-1: Ball 3-1: TRIPLE (Line Drive, 9LD, EV 109.4 MPH)
|
|
Batting: RHB Tim Long
|
0-0: Ball 1-0: Swinging Strike 1-1: Ground out U3 (Groundball, 3, EV 84.4 MPH)
|
|
Batting: RHB Jerry Blas
|
0-0: Foul Ball, location: 2F 0-1: Foul Ball, location: 2F 0-2: Ground out 6-3 (Groundball, 6, EV 87.5 MPH)
|
| Top of the 4th over - 0 runs, 1 hit, 0 errors, 1 left on base; Eugene 0 - Rome 12 |
| BOTTOM OF THE 4TH |
|
Rome Braves batting - Pitching for Eugene Emeralds : RHP Jonathan Ridgely
|
|
Batting: SHB Jose Melendez
|
0-0: Ball 1-0: Ball 2-0: Ball 3-0: Base on Balls
|
|
Batting: RHB Yojiro Hayashi
|
0-0: Ball 1-0: Foul Ball, location: 2F 1-1: Foul Ball, location: 2F 1-2: DOUBLE (Line Drive, 7LM, EV 97.5 MPH) Jose Melendez to third
|
|
Batting: LHB Javier Rubio
|
0-0: Called Strike 0-1: Ground out 4-3 (Groundball, 34, EV 97.5 MPH) Jose Melendez scores Yojiro Hayashi to third
|
|
Batting: SHB Jordan Barragan
|
0-0: Called Strike 0-1: Ball 1-1: Ball 2-1: Ground out 5-3 (Groundball, 5L, EV 86.9 MPH)
|
|
Batting: LHB Joe Phillips
|
0-0: DOUBLE (Line Drive, 7LM, EV 106.9 MPH) Yojiro Hayashi scores
|
|
Batting: RHB Tim Molchan
|
0-0: 2-RUN HOME RUN (Flyball, 9D, EV 93.1 MPH), Distance : 368 ft
|
|
Batting: RHB Gerard Michel
|
0-0: Fly out, F9 (Flyball, 89D, EV 86.9 MPH)
|
| Bottom of the 4th over - 4 runs, 3 hits, 0 errors, 0 left on base; Eugene 0 - Rome 16 |
| TOP OF THE 5TH |
|
Eugene Emeralds batting - Pitching for Rome Braves : RHP Gabe Fillmore
|
|
Batting: RHB Josh Asch
|
0-0: Ball 1-0: Foul Ball, location: 2F 1-1: DOUBLE (Line Drive, 9LS, EV 93.1 MPH)
|
|
Batting: RHB Alvaro Romero
|
0-0: Fly out, F5 (Line Drive, 56D, EV 66.9 MPH)
|
|
Batting: RHB Du Kim
|
0-0: Ball 1-0: Swinging Strike 1-1: Called Strike 1-2: Ball 2-2: Foul Ball, location: 2F 2-2: Ball Wild Pitch! Josh Asch to third 3-2: Ground out 6-3 (Groundball, 6S, EV 67.5 MPH) Josh Asch scores
|
|
Batting: RHB Eric Wiss
|
0-0: Called Strike 0-1: Ground out U3 (Groundball, 34, EV 91.9 MPH)
|
| Top of the 5th over - 1 run, 1 hit, 0 errors, 0 left on base; Eugene 1 - Rome 16 |
| BOTTOM OF THE 5TH |
|
Rome Braves batting - Pitching for Eugene Emeralds : RHP Jonathan Ridgely
|
|
Batting: RHB Adrian Billups
|
0-0: Ball 1-0: Called Strike 1-1: Ball 2-1: Ball 3-1: Swinging Strike 3-2: Foul Ball, location: 2F 3-2: Base on Balls
|
|
Batting: RHB George Provance
|
0-0: SINGLE (Groundball, 6MD, EV 102.5 MPH) Adrian Billups to second
|
|
Batting: SHB Jose Melendez
|
0-0: Foul Ball, location: 2F 0-1: Foul Ball, location: 2F 0-2: Strikes out swinging
|
|
Batting: RHB Yojiro Hayashi
|
0-0: Ball 1-0: Ball 2-0: Ball 3-0: Base on Balls Adrian Billups to third George Provance to second
|
|
Batting: LHB Javier Rubio
|
Balk! Adrian Billups scores George Provance to third Yojiro Hayashi to second 0-0: Called Strike 0-1: SINGLE (Line Drive, 9LS, EV 106.2 MPH) George Provance scores Yojiro Hayashi to third Runner from 3rd tries for Home, SAFE, throw by RF to home
|
|
Batting: SHB Jordan Barragan
|
0-0: Called Strike 0-1: Foul Ball, location: 2F 0-2: Ball 1-2: Ball 2-2: SINGLE (Groundball, 34S, EV 68.1 MPH) (infield hit) Javier Rubio to second
|
|
Batting: LHB Joe Phillips
|
0-0: Grounds into double play, 6-4-3 (Groundball, 6, EV 80.0 MPH)
|
| Bottom of the 5th over - 3 runs, 3 hits, 0 errors, 1 left on base; Eugene 1 - Rome 19 |
| TOP OF THE 6TH |
|
Eugene Emeralds batting - Pitching for Rome Braves : RHP Gabe Fillmore
|
|
Batting: RHB Taylor Garofalo
|
0-0: Ball 1-0: Called Strike 1-1: Called Strike 1-2: Ball 2-2: Foul Ball, location: 2F 2-2: Strikes out swinging
|
|
Batting: RHB Ryan Bush
|
0-0: Ball 1-0: Called Strike 1-1: Swinging Strike 1-2: Ball 2-2: Ball 3-2: DOUBLE (Line Drive, 89D, EV 103.8 MPH)
|
|
Pitching: RHP Marvin Rosas
|
|
|
Batting: RHB Bill Holmes
|
0-0: Ball 1-0: Ground out U3 (Groundball, 3S, EV 85.6 MPH) Ryan Bush to third
|
|
Batting: RHB Tim Long
|
0-0: Called Strike 0-1: Foul Ball, location: 2F 0-2: Ball 1-2: Strikes out swinging
|
| Top of the 6th over - 0 runs, 1 hit, 0 errors, 1 left on base; Eugene 1 - Rome 19 |
| BOTTOM OF THE 6TH |
|
Rome Braves batting - Pitching for Eugene Emeralds : RHP Jonathan Ridgely
|
|
Batting: RHB Tim Molchan
|
0-0: Ball 1-0: Called Strike 1-1: Foul Ball, location: 2F 1-2: Strikes out swinging
|
|
Batting: RHB Gerard Michel
|
0-0: DOUBLE (Line Drive, 7LD, EV 101.2 MPH)
|
|
Batting: RHB Adrian Billups
|
0-0: Ground out 4-3 (Groundball, 4, EV 83.8 MPH) Gerard Michel to third
|
|
Batting: RHB George Provance
|
0-0: Ball 1-0: Ball 2-0: Called Strike 2-1: Called Strike 2-2: Strikes out looking
|
| Bottom of the 6th over - 0 runs, 1 hit, 0 errors, 1 left on base; Eugene 1 - Rome 19 |
| TOP OF THE 7TH |
|
Eugene Emeralds batting - Pitching for Rome Braves : RHP Marvin Rosas
|
|
Batting: RHB Jerry Blas
|
0-0: Ball 1-0: Foul Ball, location: 2F 1-1: Ball 2-1: Called Strike 2-2: Fly out, F9 (Flyball, 9LM, EV 90.0 MPH)
|
|
Batting: RHB Josh Asch
|
0-0: Called Strike 0-1: Ground out 6-3 (Groundball, 6, EV 77.5 MPH)
|
|
Batting: RHB Alvaro Romero
|
0-0: Foul Ball, location: 2F 0-1: Ball 1-1: Ball 2-1: Foul Ball, location: 2F 2-2: Foul Ball, location: 2F 2-2: Ball 3-2: Strikes out swinging
|
| Top of the 7th over - 0 runs, 0 hits, 0 errors, 0 left on base; Eugene 1 - Rome 19 |
| BOTTOM OF THE 7TH |
|
Rome Braves batting - Pitching for Eugene Emeralds : RHP Jonathan Ridgely
|
|
Batting: SHB Jose Melendez
|
0-0: Ball 1-0: Ball 2-0: Fly out, F8 (Flyball, 89S, EV 90.0 MPH)
|
|
Batting: RHB Yojiro Hayashi
|
0-0: Foul Ball, location: 2F 0-1: Called Strike 0-2: Strikes out looking
|
|
Batting: LHB Javier Rubio
|
0-0: Ball 1-0: Ball 2-0: Ball 3-0: Called Strike 3-1: Base on Balls
|
|
Batting: SHB Jordan Barragan
|
0-0: Fly out, F9 (Flyball, 9LS, EV 91.9 MPH)
|
| Bottom of the 7th over - 0 runs, 0 hits, 0 errors, 1 left on base; Eugene 1 - Rome 19 |
| TOP OF THE 8TH |
|
Eugene Emeralds batting - Pitching for Rome Braves : RHP Marvin Rosas
|
|
Batting: RHB Du Kim
|
0-0: Ball 1-0: Ball 2-0: SINGLE (Line Drive, 89S, EV 108.8 MPH)
|
|
Batting: RHB Eric Wiss
|
0-0: Called Strike 0-1: Called Strike 0-2: Fly out, F8 (Flyball, 8LD, EV 80.6 MPH)
|
|
Batting: RHB Taylor Garofalo
|
0-0: Grounds into double play, 4-6-3 (Groundball, 4, EV 88.1 MPH)
|
| Top of the 8th over - 0 runs, 1 hit, 0 errors, 0 left on base; Eugene 1 - Rome 19 |
| BOTTOM OF THE 8TH |
|
Rome Braves batting - Pitching for Eugene Emeralds : RHP Jonathan Ridgely
|
|
Batting: LHB Joe Phillips
|
0-0: SINGLE (Flyball, 6D, EV 85.6 MPH)
|
|
Batting: RHB Tim Molchan
|
0-0: DOUBLE (Line Drive, 7LD, EV 103.1 MPH) Joe Phillips to third Runner from 3rd tries for Home, SAFE, throw by LF to home
|
|
Batting: RHB Gerard Michel
|
0-0: SINGLE (Line Drive, 89S, EV 88.1 MPH) Tim Molchan to third Runner from 3rd tries for Home, SAFE, throw by RF to home Gerard Michel to second
|
|
Batting: RHB Adrian Billups
|
0-0: Ball 1-0: Foul Ball, location: 2F 1-1: DOUBLE (Line Drive, 78D, EV 104.4 MPH) Gerard Michel scores
|
|
Batting: RHB George Provance
|
0-0: Ball 1-0: Swinging Strike 1-1: Swinging Strike 1-2: Strikes out swinging
|
|
Batting: SHB Jose Melendez
|
0-0: Single, Error in OF, E8, batter to second base (Groundball, 4MD, EV 95.0 MPH) Adrian Billups scores
|
|
Batting: RHB Yojiro Hayashi
|
0-0: Swinging Strike 0-1: Ground out 6-3 (Groundball, 6, EV 90.0 MPH) Jose Melendez to third
|
|
Batting: LHB Javier Rubio
|
0-0: Hit by Pitch
|
|
Batting: SHB Jordan Barragan
|
Balk! Jose Melendez scores Javier Rubio to second 0-0: Ball Balk! Javier Rubio to third 1-0: Ball 2-0: Foul Ball, location: 2F 2-1: Fly out, F8 (Flyball, 89M, EV 88.8 MPH)
|
| Bottom of the 8th over - 5 runs, 5 hits, 1 error, 1 left on base; Eugene 1 - Rome 24 |
| TOP OF THE 9TH |
|
Eugene Emeralds batting - Pitching for Rome Braves : RHP Marvin Rosas
|
|
Batting: RHB Ryan Bush
|
0-0: Called Strike 0-1: SINGLE (Line Drive, 4MD, EV 94.4 MPH)
|
|
Batting: RHB Bill Holmes
|
0-0: Ball Passed Ball! Ryan Bush to second 1-0: Ground out 2-3 (Groundball, 2L, EV 77.5 MPH) Ryan Bush to third
|
|
Batting: RHB Tim Long
|
0-0: Ball 1-0: Ball 2-0: Foul Ball, location: 2F 2-1: Foul Ball, location: 2F 2-2: Fly out, F8 (Flyball, 8RM, EV 90.6 MPH)
|
|
Batting: RHB Jerry Blas
|
0-0: Called Strike 0-1: Foul Ball, location: 2F 0-2: Ground out 6-3 (Groundball, 6D, EV 105.0 MPH)
|
| Top of the 9th over - 0 runs, 1 hit, 0 errors, 1 left on base; Eugene 1 - Rome 24 |
|